 Dungeon Crawl Stone Soup version 0.27-a0-1200-g94dc6ad4cf (webtiles) character file.

Game seed: 16037696616825465696

17 Delamore the Skirmisher (level 2, -1/19 HPs)
             Began as a Gargoyle Fighter on June 1, 2021.
             Frozen to death by an endoplasm (2 damage)
             ... on level 1 of the Dungeon.
             The game lasted 00:00:33 (712 turns).

Delamore the Skirmisher (Gargoyle Fighter)           Turns: 712, Time: 00:00:33

Health: -1/19      AC:  9    Str: 19    XL:     2   Next: 62%
Magic:  2/2        EV:  7    Int:  8    God:
Gold:   10         SH:  9    Dex:  9    Spells: 1/1 levels left

rFire    . . .     SeeInvis .   a - +0 flail
rCold    . . .     Faith    .   c - +0 kite shield
rNeg     + . .     Spirit   .   b - +0 scale mail
rPois    ∞         Reflect  .   (no helmet)
rElec    +         Harm     .   (no cloak)
rCorr    .         Rampage  .   (no gloves)
Will     .....                  (no boots)
Stlth    ..........             (no amulet)
HPRegen  0.06/turn              (no ring)
MPRegen  0.08/turn              (no ring)

@: no status effects
A: sickness immunity, AC +2, negative energy resistance 1, electricity
resistance, torment resistance 1, petrification resistance
a: no special abilities


You were on level 1 of the Dungeon.
You visited 1 branch of the dungeon, and saw 1 of its levels.

You collected 10 gold pieces.

Inventory:

Hand Weapons
 a - a +0 flail (weapon)
Armour
 b - a +0 scale mail (worn)
 c - a +0 kite shield (worn)
Potions
 d - a potion of might


   Skills:
 + Level 3.6 Fighting
 * Level 2.8 Maces & Flails
 - Level 3.2 Armour
 - Level 3.2 Shields


You had one spell level left.
You didn't know any spells.
Your spell library was empty.

Dungeon Overview and Level Annotations

Branches:
Dungeon (1/15)

Altars:


Innate Abilities, Weirdness & Mutations

You are immune to sickness and miasma.
Your stone body is resilient. (AC +2)
You are immune to poison.
You resist negative energy. (rN+)
You are resistant to electric shocks. (rElec)
You are resistant to unholy torment.
You are immune to petrification.


Message History

Things that are here:
a +0 short sword; 3 stones; a kobold corpse You barely miss the kobold.
The kobold hits you with a +0 short sword.
You closely miss the kobold. You block the kobold's attack. x2
You closely miss the kobold. You block the kobold's attack.
You completely miss the kobold.
The kobold hits you but does no damage. x2
You completely miss the kobold. You block the kobold's attack.
The endoplasm jiggles.
You barely miss the kobold. The kobold hits you but does no damage.
You block the kobold's attack.
You hit the kobold but do no damage. The kobold hits you but does no damage.
You barely miss the kobold.
The kobold hits you but does no damage. x2
You barely miss the kobold. You block the kobold's attack.
You closely miss the kobold.
The kobold hits you with a +0 short sword.
You block the kobold's attack.
You closely miss the kobold. The kobold barely misses you.
You barely miss the kobold. The kobold hits you but does no damage.
You block the kobold's attack.
You closely miss the kobold.
The kobold hits you with a +0 short sword.
You are too injured to fight recklessly!
There are monsters nearby!
You are too injured to fight recklessly!
You sock the kobold!
You kill the kobold!
The endoplasm hits you but does no damage.
Your scale mail prevents you from hitting the endoplasm.
The endoplasm freezes you.
You are frozen.
* * * LOW HITPOINT WARNING * * *
You hit the endoplasm.
The endoplasm is heavily wounded.
The endoplasm freezes you.
You are frozen.
* * * LOW HITPOINT WARNING * * *
The endoplasm freezes you.
You are frozen.
You die...

.#...#.## ..#....## .......##
#... #....... #... #...... #..#
#.#... #..# #.##J#
#..######.##@#
#.........##.#####.##.#
#..#...##..)..........#######
####...#.....##........^........
#......#........##.#.#...#######
#.#######....#### .# ...........
#.# #.##....# # #..####### #.#
#..##..... ..####..##### # #.#
#...##..## #...........# #


You could see an endoplasm.

Vanquished Creatures
  A dart slug (D:1)
  A ball python (D:1)
  2 bats (D:1)
  An endoplasm (D:1)
  4 hobgoblins (D:1)
  4 kobolds (D:1)
  A rat (D:1)
14 creatures vanquished.

Notes
Turn   | Place    | Note
-------+----------+-------------------------------------------
     0 | D:1      | Delamore the Gargoyle Fighter began the quest for the Orb.
     0 | D:1      | Reached XP level 1. HP: 14/14 MP: 1/1
   277 | D:1      | Reached XP level 2. HP: 11/19 MP: 2/2
   712 | D:1      | Frozen to death by an endoplasm

Illustrated notes

Levels and vault maps discovered:
D:1:      wander_arrival_desolate, layout_loops_ring, nrook_mini_backslash

Action                   || total
-------------------------++-------
Melee: Flail             ||    69
Armor: Scale mail        ||    69
Dodge: Dodged            ||    30
Block: Kite shield       ||    48

Table legend: (Time is in decaauts)
 A = Elapsed time spent in this place.
 B = Non-inter-level travel time spent in this place.
 C = Inter-level travel time spent in this place.
 D = Time resting spent in this place.
 E = Time spent auto-exploring this place.
 F = Levels seen in this place.
 G = Mean time per level.
                   A        B        C        D        E       F      G
               +--------+--------+--------+--------+--------+-----+--------+
         Total |    746 |    746 |      0 |    309 |    276 |   1 |  746.0 |
       Dungeon |    746 |    746 |      0 |    309 |    276 |   1 |  746.0 |
               +--------+--------+--------+--------+--------+-----+--------+

Top non-repeatable levels by time:
     D:1: 746 daAuts
